← All builds
Tech / Armada / Economy first / OBSERVED BUILD

Standard tech

Armada Tech (Eco) build order · Supreme Isthmus

Rushes T2 by 4:15, gets Advanced Metal Extractor around 5:28, hands off T2 constructors to Geo and the team, then scales eco and supplies the team's T2 needs through the rest of the game.

Usually first T2 con to Geo (83%)

#eco #t2 #team support · 1593 distinct matches · 254 players · 60% of Armada Tech games · team won 54% of 1902 · Recently observed

HOW TO PLAY IT

Key timing: T2 factory by 4:15

  1. Open 3 mex and heavy wind to fund a fast T2 rush.
  2. Put down Bot Lab, planning to eat it for reclaim soon after.
  3. Get Advanced Bot Lab up, hitting the T2 factory rush timing.
  4. Upgrade mex to Advanced Metal Extractor to lock in team metal income.
  5. Eat Advanced Bot Lab and keep sending cons to Geo and Pond.

Phase by phase

TYPICAL OF ITS 1593 GAMES
  1. 1
  2. 2
  3. 3
  4. 4
PLAY THE OPENING

Follow the example game's first 6:00 step by step: what to build now, what comes next, and where it goes. At 1× it keeps pace with your own game.

  1. 1

    Up to the Bot Lab

    Economy
    • Metal Extractor3Mex
    • Wind Turbine4Wind
    Order
    1. Bot LabBot Lab after 3 mex, 4 winddone ~1:18, middle half 1:13–1:32

    Some games also: energy storage (31%)

    By 1:01 in all: 3 mex · 4 wind

    The example game in this phase · 3 steps
    1. Mex ×3
    2. Wind ×4
    3. Bot LabBot Labdone 1:16 · typical 1:18
  2. 2

    Bot Lab to Advanced Bot Lab

    Economy
    • Metal Extractor1Mex
    • Wind Turbine8Wind
    • Energy Storage1Energy storage
    Order
    1. Advanced Bot LabAdvanced Bot Lab after 4 mex, 12 wind, 3 con turretdone ~4:16, middle half 4:04–4:30
    Builders
    • Construction Turret3 Con turret
    • Lazarus3 Lazarus
    • Construction Bot2 Con bot
    • Construction Bot1 Con bot for allies

    Some games also: converter (36%)

    By 3:19 in all: 4 mex · 12 wind · 1 energy storage · 3 con turret

    The example game in this phase · 17 steps
    1. LazarusLazarus
    2. Wind ×3
    3. LazarusLazarus
    4. Wind
    5. Construction BotCon bot
    6. LazarusLazarus
    7. Con turret
    8. LazarusLazarus
    9. Wind
    10. LazarusLazarus
    11. Wind
    12. Mex
    13. Construction BotCon bot
    14. LazarusLazarus
    15. Con turret
    16. Energy storage
    17. Advanced Bot LabAdvanced Bot Labdone 4:21 · typical 4:16
  3. 3

    Advanced Bot Lab to 5:00

    Economy
    • Wind Turbine3Wind
    Order
    1. Bot LabEat Bot Lab
    Builders
    • Advanced Construction Bot1 T2 con bot for allies

    Some games also: converter (35%)

    By 5:00 in all: 4 mex · 15 wind · 1 converter · 1 energy storage · 3 con turret

    The example game in this phase · 6 steps
    1. Bot LabEat Bot Labreclaimed for its metal
    2. Converter
    3. Advanced Construction BotT2 con botfor Geo sea
    4. Advanced Metal ExtractorT2 mexdone 5:26 · typical 5:29
    5. Advanced Construction BotT2 con botfor Air
    6. Advanced Metal ExtractorT2 mex ×2
  4. 4

    5:00 to 10:00

    Economy
    • Wind Turbine43Wind
    • Energy Converter6Converter
    Builders
    • Butler9 Butler
    • Advanced Construction Bot4 T2 con bot for allies
    • Advanced Construction Bot1 T2 con bot

    Some games also: con turret (43%) · Butler for allies (37%)

    By 10:00 in all: 4 mex · 58 wind · 8 converter · 1 energy storage · 3 con turret

    The example game in this phase · 234 steps
    1. ButlerButler
    2. Advanced Metal ExtractorT2 mex
    3. Advanced Construction BotT2 con botfor Beach sea
    4. ButlerButler
    5. Wind
    6. ButlerButler
    7. Wind ×2
    8. ButlerButler
    9. Wind
    10. ButlerButler
    11. Wind ×3
    12. Advanced Construction BotT2 con botfor Pond
    13. Wind ×3
    14. Converter
    15. Wind ×3
    16. ButlerButler
    17. Converter
    18. Wind ×2
    19. ButlerButler
    20. Wind
    21. Converter
    22. Wind
    23. Advanced Construction BotT2 con botfor Front
    24. Wind ×2
    25. Converter
    26. Wind ×3
    27. ButlerButler
    28. Wind ×2
    29. Converter
    30. Wind
    31. ButlerButler
    32. Wind ×3
    33. Converter
    34. Wind ×2
    35. ButlerButler
    36. Wind ×2
    37. Converter
    38. Wind ×2
    39. ButlerButler
    40. Wind ×3
    41. Converter
    42. Wind ×2
    43. ButlerButler
    44. Wind ×2
    45. Converter
    46. Wind ×2
    47. ButlerButler
    48. Wind ×3
    49. Converter ×2
    50. Wind ×3
    51. ButlerButler
    52. Wind ×4
    53. Converter
    54. ButlerButler
    55. Wind ×6
    56. Converter
    57. ButlerButler
    58. Wind ×5
    59. ButlerButler
    60. Wind
    61. Converter
    62. Wind ×5
    63. Advanced Construction BotT2 con bot
    64. Wind ×3
    65. Converter
    66. Wind ×2
    67. Converter
    68. Wind ×4
    69. Converter
    70. Wind ×2
    71. Converter
    72. Wind ×2
    73. Advanced Construction BotT2 con bot
    74. Wind
    75. Converter
    76. Wind ×3
    77. Converter
    78. Wind ×3
    79. Converter
    80. Wind ×2
    81. Converter
    82. Wind ×5
    83. Advanced Fusion ReactorAdvanced Fusion Reactornot finished by 15:00
    84. Wind
    85. Converter
    86. Wind ×4
    87. Converter
    88. Wind
    89. Converter
    90. Wind ×5
    91. CitadelAnti-nukenot finished by 15:00
    92. Converter
    93. Wind ×3
    94. Converter
    95. Wind ×6
    96. Converter
    97. Wind ×3
    98. Converter
    99. Wind ×5
    100. Converter
    101. Wind ×4
    102. Converter ×2
    103. Wind ×6
    104. Converter
    105. Advanced Construction BotT2 con bot
    106. Wind
    107. Converter
    108. Wind ×10
    109. Converter
    110. Wind
    111. Converter
    112. Wind ×6
    113. Advanced Bot LabEat Advanced Bot Labreclaimed for its metal
    114. Converter
    115. Wind ×2
    116. Converter
    117. Wind ×7
    118. Converter ×2
    119. Wind ×3
    120. Converter
    121. Wind ×4
    122. Con turret
    123. Wind ×2
    124. Converter
    125. Wind
    126. Converter
    127. Wind ×5
    128. Con turret
    129. Wind ×2
    130. RattlesnakeRattlesnakedone 14:22
    131. Wind
    132. Converter
    133. Wind ×2
    134. Converter
    135. Wind
    136. Con turret
    137. Wind ×5
    138. Con turret
    139. Wind ×2
    140. Converter ×2
    141. Con turret
    142. Converter
    143. Wind ×11
    144. Converter ×2
    145. Wind ×8
    146. Converter ×2
    147. Wind ×9
    148. Converter
    149. Wind
    150. Converter
    151. Wind
    152. Converter
    153. Wind ×5
    154. Bot LabBot Labdone 13:21
    155. Wind
    156. Converter
    157. Wind
    158. Converter
    159. Wind ×3
    160. Converter ×2
    161. Wind ×2
    162. Bot LabBot Labdone 13:48
    163. Converter
    164. Wind ×2
    165. Converter
    166. Wind ×3
    167. Converter ×2
    168. Wind
    169. Converter
    170. Wind
    171. PawnPawn
    172. TickTick
    173. Wind
    174. Converter ×2
    175. Wind ×2
    176. TickTick ×3
    177. Wind ×4
    178. Converter
    179. Wind
    180. TickTick
    181. Converter
    182. Wind
    183. TickTick ×2
    184. Wind
    185. TickTick
    186. Wind ×2
    187. Converter
    188. TickTick
    189. Converter ×2
    190. Wind ×2
    191. TickTick ×2
    192. Wind ×2
    193. TickTick
    194. Wind
    195. TickTick ×2
    196. Wind
    197. Converter ×2
    198. TickTick
    199. Wind ×3
    200. TickTick ×2
    201. Wind ×3
    202. Advanced Radar TowerAdvanced Radar Tower
    203. TickTick
    204. Wind ×3
    205. Converter
    206. TickTick ×2
    207. Converter
    208. Wind
    209. TickTick
    210. Wind ×5
    211. TickTick ×2
    212. Wind
    213. Converter
    214. TickTick
    215. Wind ×3
    216. Converter
    217. TickTick ×2
    218. Wind ×2
    219. Converter
    220. TickTick
    221. Wind ×4
    222. TickTick ×2
    223. Wind ×2
    224. TickTick
    225. Wind
    226. Converter
    227. TickTick ×2
    228. Wind
    229. Converter
    230. Wind ×3
    231. TickTick
    232. Wind ×2
    233. TickTick ×2
    234. Converter

Counts are medians over the build's games: half of them build more, half fewer. The example game is BLORGY's (34 OS, 26/08/2026); pick another.

Team trades

IN AT LEAST 30% OF ITS GAMES

You hand over

  • Construction Bot1 Con bot to Airfirst at 2:23 · in 84% of games
  • Advanced Construction Bot5 T2 con bot to Air or Pond or Geo seafirst at 4:50 · in 99% of games
  • Butler2 Butler to Geo sea or Beach sea or Pondfirst at 9:06 · in 42% of games

You get

  • Hercules1 Light transport from Airfirst at 4:01 · in 86% of games

How it plays out

Typical game of this build, running totals by minute

Metal produced

020k40k
0:005:0010:0015:00

metal

Enemy metal destroyed

050100150
0:005:0010:0015:00

metal

Own metal lost

050100150
0:005:0010:0015:00

metal

1902 games.

Show as table
ByMetal produced: This buildEnemy metal destroyed: This buildOwn metal lost: This build
1:0038300
2:0091500
3:00165200
4:00314300
5:00484800
6:00580100
7:00723000
8:00906400
9:001117800
10:001352000
11:001624200
12:001965200
13:002343000
14:0027286074
15:0031512108130
WHAT THE NUMBERS SAY

Standard Tech play barely fights at all early, instead pouring metal into T2 infrastructure and constructors for the team.

  • + Metal produced hits 31679 by 15:00, by far the highest of any role here.
  • + T2 factory reached in 97% of games by 4:15, fastest and most reliable T2 timing.
  • − Enemy metal destroyed stays at 0 through 10:00, no early offense at all.
  • − Own metal lost also near 0, showing total avoidance of combat risk.
THE EXAMPLE YOU ARE READING

BLORGY

33.5 OS · 26/08/2026

Open source match ↗

5 received units
1903 metal received · 42896 energy received

Allied construction assistance is unknown. Timings are observations, not a promise of solo reproducibility.

Typical milestones

Bot Lab1:18Middle 50%: 1:13–1:32 · n=1902
Advanced Bot Lab4:16Middle 50%: 4:04–4:30 · n=1895
Advanced Metal Extractor5:29Middle 50%: 5:05–5:59 · n=1898

Played most by

Amrissa96games of this buildTheGeneraI70games of this buildAdeus57games of this buildEl_Turco55games of this buildKOT_44games of this build